 Dungeon Crawl Stone Soup version 0.28-a0-628-g3c9886e45e (webtiles) character file.

Game seed: 11311085014201374

320 bande the Covered (level 6, -10/39 HPs)
             Began as a Gargoyle Fighter on Oct 7, 2021.
             Mangled by an ogre (12 damage)
             ... on level 4 of the Dungeon on Oct 8, 2021.
             The game lasted 00:05:17 (2515 turns).

bande the Covered (Gargoyle Fighter)                Turns: 2515, Time: 00:05:18

Health: -10/39     AC: 18    Str: 21    XL:     6   Next: 46%
Magic:  6/6        EV:  7    Int: 10    God:
Gold:   187        SH:  4    Dex: 10    Spells: 5/5 levels left

rFire   . . .      SeeInvis .   a - +0 war axe
rCold   . . .      Faith    .   c - +0 buckler
rNeg    + . .      Spirit   .   i - +0 chain mail
rPois   ∞          Reflect  .   e - +1 helmet
rElec   +          Harm     .   (no cloak)
rCorr   .          Rampage  .   (no gloves)
Will    .....                   (no boots)
Stlth   ..........              (no amulet)
HPRegen 0.13/turn               (no ring)
MPRegen 0.10/turn               (no ring)

@: no status effects
A: sickness immunity, AC +4, negative energy resistance 1, electricity
resistance, torment resistance 1, petrification resistance, iridescent scales 1,
clever 1, wild magic 1
a: no special abilities


You were on level 4 of the Dungeon.
You visited 1 branch of the dungeon, and saw 4 of its levels.

You collected 187 gold pieces.

Inventory:

Hand Weapons
 a - a +0 war axe (weapon)
Armour
 c - a +0 buckler (worn)
 e - a +1 helmet (worn)
 i - a +0 chain mail (worn)
Jewellery
 g - an amulet of regeneration
Wands
 l - a wand of iceblast (8)
Scrolls
 f - 3 scrolls of identify
 j - a scroll of teleportation {unknown}
Potions
 b - a potion of haste
 d - 3 potions of might
 h - 2 potions of flight


   Skills:
 + Level 4.3 Fighting
 + Level 4.4 Axes
 + Level 4.5 Armour
 + Level 3.8 Shields
 * Level 0.4 Evocations


You had 5 spell levels left.
You didn't know any spells.
Your spell library was empty.

Dungeon Overview and Level Annotations

Branches:
Dungeon (4/15)
 Temple: D:4-7

Altars:
Qazlal


Innate Abilities, Weirdness & Mutations

You are immune to sickness and miasma.
Your stone body is resilient. (AC +4)
You are immune to poison.
You resist negative energy. (rN+)
You are resistant to electric shocks. (rElec)
You are resistant to unholy torment.
You are immune to petrification.
You are partially covered in iridescent scales. (AC +2)
Your mind is acute. (Int +2)
Your spells are a little harder to cast, but a little more powerful.


Message History

The goblin is severely wounded.
The goblin barely misses you. x2
Unknown command.
You slash the goblin!
You kill the goblin!
No target in view!
No target in view!
No target in view!
No target in view!
No target in view!
No target in view!
An ogre comes into view. It is wielding a +0 giant spiked club.
An ogre is nearby!
Things that are here:
a +0 dagger; a goblin corpse You see here a scroll labelled WUNUET GIDEME.
The ogre hits you with a +0 giant spiked club!
You hit the ogre.
The ogre is moderately wounded.
The ogre hits you with a +0 giant spiked club!
You are too injured to fight recklessly!
You are too injured to fight recklessly!
You are too injured to fight recklessly!
You are too injured to fight recklessly!
You are too injured to fight recklessly!
You are too injured to fight recklessly!
You are too injured to fight recklessly!
You are too injured to fight recklessly!
You are too injured to fight recklessly!
You slash the ogre!
The ogre is severely wounded.
The ogre barely misses you.
You barely miss the ogre.
The ogre is severely wounded.
The ogre hits you with a +0 giant spiked club!
* * * LOW HITPOINT WARNING * * *
You hit the ogre.
The ogre is severely wounded.
The ogre hits you with a +0 giant spiked club!
You die...

#. # #.###.#
#.#.#<#.#
.##.#.#.#.# ##
.......>#.#...#
.##.#.......#
#.#...#.#.#
#.#...#O# #.#...#@#
#.....#?#######
...#####..#).......
#...........#######
#..#####..#....#
#..####.# #.... ..
#..... # #.#.###


You could see an ogre.

Vanquished Creatures
  Sigmund (D:3)
  A water moccasin skeleton (D:4)
  5 adders
  A worm (D:2)
  An orc (D:3)
  12 ball pythons
  6 endoplasms
  3 goblins
  5 hobgoblins
  3 jackals (D:3)
  3 quokkas
  10 bats
  3 frilled lizards
  11 kobolds
  2 rats
67 creatures vanquished.

Notes
Turn   | Place    | Note
-------+----------+-------------------------------------------
     0 | D:1      | bande the Gargoyle Fighter began the quest for the Orb.
     0 | D:1      | Reached XP level 1. HP: 14/14 MP: 1/1
   235 | D:1      | Reached XP level 2. HP: 19/19 MP: 2/2
   314 | D:1      | Found a faded altar of an unknown god.
   563 | D:1      | Reached XP level 3. HP: 24/24 MP: 3/3
  1259 | D:2      | Reached XP level 4. HP: 23/29 MP: 4/4
  1603 | D:3      | Gained mutation: You are partially covered in iridescent
                  | scales. (AC +2) [potion of mutation]
  1603 | D:3      | Gained mutation: Your mind is acute. (Int +2) [potion of
                  | mutation]
  1603 | D:3      | Gained mutation: Your spells are a little harder to cast,
                  | but a little more powerful. [potion of mutation]
  1604 | D:3      | Upgraded the game from 0.28-a0-622-gbaef9634d7 to
                  | 0.28-a0-628-g3c9886e45e
  1940 | D:3      | Noticed Sigmund
  1952 | D:3      | Killed Sigmund
  1953 | D:3      | Reached XP level 5. HP: 33/33 MP: 5/5
  1953 | D:3      | Reached XP level 6. HP: 38/38 MP: 6/6
  2184 | D:3      | Found a stormy altar of Qazlal.
  2515 | D:4      | Mangled by an ogre

Illustrated notes

Levels and vault maps discovered:
D:1:      lemuel_arrival_river_bridge, layout_loops_ring,
          hellmonk_ecumenical_altar_prayer_group
D:2:      layout_rooms, serial_corexii_hall, corexii_hall_statues_x,
          corexii_hall_statues_s, chequers_hall_statues_y,
          corexii_hall_statues_u, minmay_joined_circles
D:3:      layout_basic, mainiacjoe_overflow_alcove_2, serial_glass,
          glass_columns_b, glass_columns_a, uniq_sigmund
D:4:      layout_basic, zin_treasury, nicolae_shop_self_help

Skill      XL: |  1  2  3  4 |
---------------+-------------+-----
Axes           | 2 3 4 |  4.4
Fighting       | 4 |  4.3
Armour         | 4 |  4.5
Shields        | |  3.8
Evocations     | |  0.4

Action                   |  1- 3 |  4- 6 || total
-------------------------+-------+-------++-------
Melee: War axe           |   102 |    95 ||   197
  Use: Scroll            |     2 |     6 ||     8
       Potion            |       |     1 ||     1
Armor: Scale mail        |    64 |    13 ||    77
       Chain mail        |       |    39 ||    39
Dodge: Dodged            |    53 |    50 ||   103
Block: Buckler           |    15 |    13 ||    28

Table legend: (Time is in decaauts)
 A = Elapsed time spent in this place.
 B = Non-inter-level travel time spent in this place.
 C = Inter-level travel time spent in this place.
 D = Time resting spent in this place.
 E = Time spent auto-exploring this place.
 F = Levels seen in this place.
 G = Mean time per level.
                   A        B        C        D        E       F      G
               +--------+--------+--------+--------+--------+-----+--------+
         Total |   2584 |   2565 |     19 |      0 |   2032 |   4 |  646.0 |
       Dungeon |   2584 |   2565 |     19 |      0 |   2032 |   4 |  646.0 |
               +--------+--------+--------+--------+--------+-----+--------+

Top non-repeatable levels by time:
     D:2: 880 daAuts
     D:3: 849 daAuts
     D:1: 762 daAuts
     D:4: 92 daAuts
